 Dungeon Crawl Stone Soup version 0.21.1-1-g345015f (webtiles) character file.

548 Kagorn the Cudgeler (level 7, -13/70 HPs)
             Began as a Troll Monk on July 6, 2018.
             Mangled by an ogre
             ... wielding a +0 giant spiked club
              (22 damage)
             ... on level 5 of the Dungeon.
             The game lasted 00:17:41 (2891 turns).

Kagorn the Cudgeler (Troll Monk)                    Turns: 2891, Time: 00:17:42

Health: -13/70     AC:  5    Str: 23 (24) XL:     7   Next: 7%
Magic:  0/6        EV: 11    Int:  4 (6)  God:
Gold:   277        SH:  0    Dex: 11 (12) Spells: 6/6 levels left

rFire    . . .     SeeInvis .   h - +1 whip (elec)
rCold    . . .     Gourm    +   (no shield)
rNeg     . . .     Faith    .   b - +0 robe
rPois    .         Spirit   +   (helmet restricted)
rElec    .         Reflect  .   l - scarf {Spirit}
rCorr    .         Harm     .   (gloves unavailable)
MR       .....                  (boots unavailable)
Stlth    ++........             (no amulet)
HPRegen  0.61/turn              m - +2 ring of strength
MPRegen  0.10/turn              (no ring)

@: no status effects
A: large, unfitting armour, claws 3, fast metabolism 3, gourmand, regeneration
1, shaggy fur 1, tough skin 2
a: no special abilities


You were on level 5 of the Dungeon.
You were full.

You visited 1 branch of the dungeon, and saw 5 of its levels.

You collected 277 gold pieces.

Inventory:

Hand Weapons
 h - a +1 whip of electrocution (weapon)
Armour
 b - a +0 robe (worn)
 l - a scarf of spirit shield (worn)
Jewellery
 m - a +2 ring of strength (left claw)
Wands
 p - a wand of iceblast (10)
 u - a wand of scattershot (6)
 w - a wand of enslavement (11)
 x - a wand of digging (12)
Scrolls
 d - 2 scrolls of identify
Potions
 a - 5 potions of haste
 e - a potion of berserk rage
 f - 2 potions of flight
 j - a potion of ambrosia
 k - 3 potions of curing
 n - a potion of degeneration
 r - a potion of heal wounds
Books
 i - a book of Changes

   Spells                             Type                      Level
   a - Beastly Appendage              Transmutation                1
   b - Sticks to Snakes               Transmutation                2
   c - Spider Form                    Transmutation/Poison         3
   d - Ice Form                       Ice/Transmutation            4
   e - Blade Hands                    Transmutation                5
Comestibles
 c - 8 rations


   Skills:
 * Level 4.0 Fighting
 * Level 4.5 Maces & Flails
 + Level 2.1 Armour
 + Level 3.3 Dodging
 + Level 2.0 Stealth


You had 6 spell levels left.
You didn't know any spells.

Dungeon Overview and Level Annotations

Branches:
Dungeon (5/15)
 Temple: D:4-7

Altars:
Hepliaklqana
The Shining One

Shops:
D:4 [


Innate Abilities, Weirdness & Mutations

You are too large for most types of armour.
You have claws for hands.
Your metabolism is lightning-fast.
You like to eat raw meat.
Your natural rate of healing is unusually fast.
You are covered in fur. (AC +1)
You have very tough skin. (AC +2)


Message History

The ogre is heavily wounded.
The hound zombie bites you but does no damage.
The sky beast misses you.
The ogre hits you with a giant spiked club.
You completely miss the ogre.
The ogre is heavily wounded.
The hound zombie closely misses you. The sky beast hits you.
The sky beast shocks you.
You hit the ogre.
The ogre is severely wounded.
The hound zombie bites you.
The ogre hits you with a giant spiked club!!
* * * LOW HITPOINT WARNING * * *
The sky beast flickers out of sight!
Something hits you.
* * * LOW HITPOINT WARNING * * *
Something shocks you.
* * * LOW HITPOINT WARNING * * *
The hound zombie bites you but does no damage.
The ogre hits you with a giant spiked club!!
You die...

....... #####
......$###...
....... ....#
....... #..##+###
....... #.......#
.......###....{..#
#............O@.#
#..............Z##
#....!...........#
#................#
#...........[....#
#........###.....#
..........#
#.....#
###...)...#
#.....# #########
#.....#


You could see an ogre and a hound zombie.

Vanquished Creatures
  Grinder (D:4)
  A howler monkey (D:4)
  A bullfrog skeleton (D:4)
  A bullfrog zombie (D:4)
  An orc priest (D:3)
  A hound (D:4)
  An iguana (D:3)
  A worker ant (D:5)
  8 adders
  An ooze (D:1)
  A worm (D:4)
  A leopard gecko (D:3)
  11 orcs
  2 giant cockroaches
  3 hobgoblins
  2 quokkas
  2 ball pythons
  5 bats
  6 frilled lizards
  10 goblins
  10 kobolds
  6 rats
76 creatures vanquished.

Notes
Turn   | Place    | Note
-------+----------+-------------------------------------------
     0 | D:1      | Kagorn the Troll Monk began the quest for the Orb.
     0 | D:1      | Reached XP level 1. HP: 22/22 MP: 0/0
   122 | D:1      | Reached XP level 2. HP: 18/29 MP: 1/1
   531 | D:2      | Reached XP level 3. HP: 36/36 MP: 2/2
   859 | D:2      | Found a hazy altar of Hepliaklqana.
  1199 | D:3      | Reached skill level 1 in Armour
  1199 | D:3      | Reached XP level 4. HP: 45/45 MP: 3/3
  1931 | D:3      | Reached XP level 5. HP: 53/53 MP: 4/4
  2062 | D:4      | Found a glowing golden altar of the Shining One.
  2226 | D:4      | Noticed Grinder
  2229 | D:4      | Reached XP level 6. HP: 60/61 MP: 5/5
  2237 | D:4      | Killed Grinder
  2342 | D:4      | Found Jugoeb's Antique Armour Boutique.
  2448 | D:4      | Reached XP level 7. HP: 67/70 MP: 6/6
  2757 | D:5      | Entered Level 5 of the Dungeon
  2891 | D:5      | Mangled by an ogre

Skill      XL: |  1  2  3  4  5  6  7 |
---------------+----------------------+-----
Maces & Flails | 3 4 |  4.5
Fighting       | 3 4 |  4.0
Armour         | 1 2 |  2.1
Dodging        | 3 |  3.3
Stealth        | 2 |  2.0

Action                   |  1- 3 |  4- 6 |  7- 9 || total
-------------------------+-------+-------+-------++-------
Melee: Mace              |    44 |       |       ||    44
       Whip              |    47 |   119 |    21 ||   187
  Use: Scroll            |       |    11 |       ||    11
       Potion            |       |     1 |     7 ||     8
 Stab: Sleeping          |     3 |     1 |     2 ||     6
  Eat: Chunk             |    16 |    12 |     1 ||    29
Armor: Robe              |    36 |    28 |    10 ||    74
Dodge: Dodged            |    64 |    53 |    19 ||   136
